[ AOE2 MATCH · #504644492 ]
UnrankedPersians vs Cumans
[ REPLAY ANALYSIS · EXTRACTED FROM THE RECORDED GAME ]
Feudal
9:10
Castle
20:51
Imperial
—
| APM avg | 17.5 |
| APM peak | 41 |
| eAPM avg | 10.3 |
| Villagers / military | 54 / 95 |
Focus
⚔️ 31.6% · 🌾 68.4%
Spearman ×65 · Camel Scout ×20 · Knight ×8 · Scout Cavalry ×2
Feudal
9:42
Castle
24:09
Imperial
—
| APM avg | 47.8 |
| APM peak | 122 |
| eAPM avg | 28.6 |
| Villagers / military | 129 / 142 |
Focus
⚔️ 38.1% · 🌾 61.9%
Steppe Lancer ×107 · Camel Scout ×16 · Monk ×7 · Scout Cavalry ×7 · Mangonel ×3 · Spearman ×2
Feudal
10:47
Castle
22:37
Imperial
—
| APM avg | 44.1 |
| APM peak | 111 |
| eAPM avg | 19.6 |
| Villagers / military | 113 / 116 |
Focus
⚔️ 42.1% · 🌾 57.9%
Archer ×89 · Skirmisher ×27
Feudal
9:43
Castle
23:56
Imperial
—
| APM avg | 34.9 |
| APM peak | 63 |
| eAPM avg | 16.9 |
| Villagers / military | 114 / 123 |
Focus
⚔️ 34.8% · 🌾 65.2%
Archer ×122 · Spearman ×1
Match map
Initial resources + every placement click. Lines = walls · curves = elevation contours. ◆ gold · ⬟ stone · ● berries · ✦ relic · ◌ wall gap
Your base· Open — 1t gap
TicketedZero13's base· ✓ Closed at 24:09 · 35t walls · no gate
MUNIZ.JR. BR's base· ✓ Closed at 22:37 · 53t walls · no gate
AcousticBook4's base· ✓ Closed at 23:56 · 17t walls · 1 gate(s)
Smoothed initial terrain · ◌ = detected wall gap · hover for details
Inputs per minute
— Leohpg - - TicketedZero13
Build order — Leohpg
First 150 of 188 actions detected
| 0:02 | Queue | Villager (Male) |
| 0:02 | Queue | Villager (Male) |
| 0:02 | Queue | Villager (Male) |
| 0:04 | Build | House |
| 0:05 | Build | House |
| 0:06 | Queue | Villager (Male) |
| 0:07 | Queue | Villager (Male) |
| 0:07 | Queue | Villager (Male) |
| 1:39 | Queue | Villager (Male) |
| 1:44 | Build | Lumber Camp |
| 2:05 | Queue | Villager (Male) |
| 2:33 | Queue | Villager (Male) |
| 2:37 | Queue | Villager (Male) |
| 3:45 | Queue | Villager (Male) |
| 3:52 | Queue | Villager (Male) |
| 3:52 | Queue | Villager (Male) |
| 3:57 | Build | House |
| 4:05 | Build | Mill |
| 4:45 | Queue | Villager (Male) |
| 5:51 | Queue | Villager (Male) |
| 5:52 | Queue | Villager (Male) |
| 6:28 | Research | Loom |
| 7:06 | Research | Feudal Age |
| 7:33 | Build | Lumber Camp |
| 8:04 | Build | House |
| 8:12 | Build | Barracks |
| 8:58 | Build | Farm |
| 8:58 | Build | Farm |
| 9:08 | Queue | Villager (Male) |
| 9:09 | Queue | Villager (Male) |
| 9:10 | Age | Feudal Age |
| 9:21 | Build | House |
| 9:31 | Build | Stable |
| 9:49 | Research | Double-Bit Axe |
| 9:59 | Queue | Villager (Male) |
| 10:18 | Build | Farm |
| 10:25 | Queue | Villager (Male) |
| 10:26 | Queue | Villager (Male) |
| 10:31 | Build | Farm |
| 10:34 | Queue | Scout Cavalry |
| 10:34 | Queue | Scout Cavalry |
| 10:47 | Build | Palisade Wall |
| 10:55 | Build | House |
| 11:03 | Build | Farm |
| 11:07 | Queue | Villager (Male) |
| 11:08 | Queue | Villager (Male) |
| 11:13 | Build | Farm |
| 11:47 | Queue | Villager (Male) |
| 11:47 | Queue | Villager (Male) |
| 11:58 | Build | Farm |
| 12:36 | Queue | Spearman |
| 12:36 | Queue | Spearman |
| 12:42 | Queue | Villager (Male) |
| 13:08 | Build | Palisade Wall |
| 13:40 | Build | Farm |
| 13:42 | Queue | Villager (Male) |
| 13:42 | Queue | Villager (Male) |
| 13:43 | Queue | Villager (Male) |
| 14:16 | Build | House |
| 14:27 | Build | Mining Camp |
| 14:33 | Queue | Villager (Male) |
| 14:38 | Queue | Villager (Male) |
| 14:52 | Build | Farm |
| 14:52 | Build | Farm |
| 14:52 | Build | Farm |
| 14:52 | Build | Farm |
| 15:01 | Build | House |
| 15:10 | Build | Blacksmith |
| 15:30 | Build | Palisade Wall |
| 15:45 | Build | Farm |
| 15:45 | Build | Farm |
| 15:45 | Build | Farm |
| 15:56 | Queue | Villager (Male) |
| 15:57 | Queue | Villager (Male) |
| 15:57 | Queue | Villager (Male) |
| 17:04 | Queue | Spearman |
| 17:04 | Queue | Spearman |
| 17:12 | Queue | Villager (Male) |
| 17:12 | Queue | Villager (Male) |
| 17:13 | Queue | Villager (Male) |
| 17:24 | Build | House |
| 17:35 | Build | Palisade Wall |
| 17:40 | Build | Farm |
| 17:45 | Build | Farm |
| 18:09 | Build | Farm |
| 18:26 | Research | Castle Age |
| 18:53 | Research | Horse Collar |
| 19:37 | Queue | Spearman |
| 19:37 | Queue | Spearman |
| 19:38 | Queue | Spearman |
| 19:38 | Queue | Spearman |
| 20:05 | Build | Stable |
| 20:10 | Research | Gold Mining |
| 20:21 | Build | House |
| 20:25 | Build | House |
| 20:44 | Research | Forging |
| 20:51 | Age | Castle Age |
| 21:15 | Queue | Knight ×4 |
| 21:30 | Research | Heavy Plow |
| 21:33 | Research | Bow Saw |
| 21:57 | Research | Scale Barding Armor |
| 22:00 | Queue | Knight |
| 22:10 | Queue | Villager (Male) |
| 22:10 | Queue | Villager (Male) |
| 22:40 | Build | Town Center |
| 22:47 | Queue | Villager (Male) |
| 22:47 | Queue | Villager (Male) |
| 22:47 | Queue | Villager (Male) |
| 22:47 | Queue | Villager (Male) |
| 23:22 | Queue | Villager (Male) |
| 23:27 | Research | Wheelbarrow |
| 23:35 | Build | Farm |
| 23:49 | Build | House |
| 23:51 | Build | House |
| 24:11 | Queue | Knight ×3 |
| 24:51 | Queue | Spearman |
| 24:51 | Queue | Spearman |
| 24:51 | Queue | Spearman |
| 24:51 | Queue | Spearman |
| 24:52 | Queue | Spearman |
| 24:52 | Queue | Spearman |
| 24:59 | Queue | Camel Scout |
| 24:59 | Queue | Camel Scout |
| 25:03 | Queue | Villager (Male) |
| 25:28 | Build | Barracks |
| 26:30 | Queue | Villager (Male) |
| 26:31 | Queue | Villager (Male) |
| 26:31 | Queue | Villager (Male) |
| 26:31 | Queue | Villager (Male) |
| 26:31 | Queue | Villager (Male) |
| 26:42 | Research | Pikeman (upgrade) |
| 26:44 | Research | Squires |
| 26:53 | Queue | Villager (Male) |
| 26:53 | Queue | Villager (Male) |
| 26:53 | Queue | Villager (Male) |
| 27:46 | Build | Farm |
| 27:47 | Build | Farm |
| 27:51 | Queue | Spearman |
| 27:51 | Queue | Spearman |
| 27:51 | Queue | Spearman |
| 27:51 | Queue | Spearman |
| 27:52 | Queue | Spearman |
| 27:52 | Queue | Spearman |
| 27:55 | Queue | Villager (Male) |
| 28:06 | Build | Siege Workshop |
| 28:38 | Research | Husbandry |
| 28:48 | Queue | Camel Scout |
| 28:48 | Queue | Camel Scout |
| 28:49 | Queue | Camel Scout |
| 28:49 | Queue | Camel Scout |
Build order — TicketedZero13
First 150 of 403 actions detected
| 0:01 | Queue | Villager (Male) |
| 0:01 | Queue | Villager (Male) |
| 0:02 | Queue | Villager (Male) |
| 0:02 | Queue | Villager (Male) |
| 0:02 | Queue | Villager (Male) |
| 0:04 | Build | House |
| 0:05 | Build | House |
| 1:23 | Queue | Villager (Male) |
| 1:23 | Queue | Villager (Male) |
| 1:37 | Queue | Villager (Male) |
| 1:37 | Queue | Villager (Male) |
| 1:58 | Build | Lumber Camp |
| 2:14 | Queue | Villager (Male) |
| 2:14 | Queue | Villager (Male) |
| 2:49 | Queue | Villager (Male) |
| 2:49 | Queue | Villager (Male) |
| 2:50 | Queue | Villager (Male) |
| 3:05 | Queue | Villager (Male) |
| 3:05 | Queue | Villager (Male) |
| 3:45 | Research | Loom |
| 3:46 | Queue | Villager (Male) |
| 3:46 | Queue | Villager (Male) |
| 3:53 | Build | House |
| 4:07 | Build | House |
| 4:12 | Queue | Villager (Male) |
| 4:12 | Queue | Villager (Male) |
| 4:32 | Queue | Villager (Male) |
| 4:32 | Queue | Villager (Male) |
| 4:33 | Queue | Villager (Male) |
| 4:33 | Queue | Villager (Male) |
| 4:38 | Build | Mill |
| 4:52 | Queue | Villager (Male) |
| 5:19 | Queue | Villager (Male) |
| 5:20 | Queue | Villager (Male) |
| 5:23 | Queue | Villager (Male) |
| 5:23 | Queue | Villager (Male) |
| 5:48 | Queue | Villager (Male) |
| 5:49 | Queue | Villager (Male) |
| 5:49 | Queue | Villager (Male) |
| 6:10 | Research | Loom |
| 6:50 | Queue | Villager (Male) |
| 7:32 | Research | Feudal Age |
| 7:47 | Build | Barracks |
| 7:49 | Build | House |
| 9:10 | Build | House |
| 9:35 | Queue | Villager (Male) |
| 9:42 | Age | Feudal Age |
| 9:44 | Build | Town Center |
| 9:51 | Queue | Villager (Male) |
| 9:52 | Research | Double-Bit Axe |
| 9:55 | Build | Stable |
| 10:14 | Queue | Villager (Male) |
| 10:32 | Build | House |
| 10:46 | Queue | Villager (Male) |
| 11:06 | Queue | Villager (Male) |
| 11:10 | Build | Farm |
| 11:11 | Build | Farm |
| 11:11 | Build | Farm |
| 11:21 | Queue | Spearman |
| 11:41 | Queue | Spearman |
| 11:45 | Build | House |
| 11:47 | Queue | Scout Cavalry |
| 11:48 | Queue | Scout Cavalry |
| 11:48 | Queue | Scout Cavalry |
| 11:50 | Queue | Villager (Male) |
| 11:54 | Build | Farm |
| 11:56 | Build | Farm |
| 12:35 | Build | House |
| 12:41 | Queue | Scout Cavalry |
| 12:51 | Build | House |
| 13:01 | Build | Palisade Wall |
| 13:17 | Queue | Villager (Male) |
| 13:18 | Queue | Villager (Male) |
| 13:18 | Queue | Villager (Male) |
| 13:32 | Queue | Scout Cavalry |
| 13:32 | Queue | Scout Cavalry |
| 13:35 | Build | House |
| 13:37 | Build | Blacksmith |
| 13:41 | Build | Stable |
| 13:46 | Build | Farm |
| 13:46 | Build | Farm |
| 13:46 | Build | Farm |
| 13:54 | Build | Farm |
| 13:56 | Queue | Villager (Male) |
| 14:06 | Build | Farm |
| 14:08 | Queue | Villager (Male) |
| 14:23 | Build | House |
| 14:26 | Build | House |
| 14:31 | Build | House |
| 14:38 | Queue | Villager (Male) |
| 14:42 | Build | Farm |
| 14:44 | Queue | Villager (Male) |
| 15:00 | Build | House |
| 15:05 | Build | Palisade Wall |
| 15:22 | Build | House |
| 15:25 | Build | Palisade Wall |
| 15:33 | Build | Palisade Wall |
| 15:36 | Queue | Villager (Male) |
| 15:37 | Queue | Villager (Male) |
| 15:50 | Build | Palisade Wall |
| 16:09 | Queue | Villager (Male) |
| 16:10 | Queue | Villager (Male) |
| 16:11 | Queue | Villager (Male) |
| 16:11 | Queue | Villager (Male) |
| 17:03 | Queue | Villager (Male) |
| 17:05 | Build | Farm |
| 17:11 | Build | House |
| 17:18 | Build | Palisade Wall |
| 17:19 | Queue | Villager (Male) |
| 17:22 | Build | Farm |
| 17:22 | Build | Farm |
| 17:22 | Build | Farm |
| 17:23 | Build | Farm |
| 17:23 | Build | Farm |
| 17:23 | Build | Farm |
| 17:31 | Build | Farm |
| 17:36 | Queue | Villager (Male) |
| 17:43 | Build | House |
| 17:47 | Build | Palisade Wall |
| 17:50 | Queue | Villager (Male) |
| 17:55 | Build | Farm |
| 18:04 | Research | Horse Collar |
| 18:10 | Build | Farm |
| 18:10 | Build | Farm |
| 18:10 | Build | Farm |
| 18:19 | Build | Market |
| 18:21 | Queue | Villager (Male) |
| 18:22 | Queue | Villager (Male) |
| 18:23 | Queue | Villager (Male) |
| 18:24 | Queue | Villager (Male) |
| 18:51 | Queue | Villager (Male) |
| 18:52 | Queue | Villager (Male) |
| 18:56 | Build | Farm |
| 19:04 | Queue | Villager (Male) |
| 19:14 | Build | Farm |
| 19:14 | Build | Farm |
| 19:19 | Build | House |
| 19:20 | Build | House |
| 19:23 | Build | House |
| 19:38 | Queue | Villager (Male) |
| 19:40 | Queue | Villager (Male) |
| 19:53 | Build | Mill |
| 19:55 | Build | Farm |
| 19:55 | Build | Farm |
| 19:55 | Build | Farm |
| 19:55 | Build | Farm |
| 19:59 | Build | House |
| 20:01 | Build | House |
| 20:02 | Build | House |
| 20:03 | Queue | Villager (Male) |
Build order — MUNIZ.JR. BR
First 150 of 344 actions detected
| 0:00 | Queue | Villager (Male) |
| 0:01 | Queue | Villager (Male) |
| 0:01 | Queue | Villager (Male) |
| 0:02 | Build | House |
| 0:03 | Research | Loom |
| 0:06 | Research | Loom |
| 0:06 | Queue | Villager (Male) |
| 0:07 | Queue | Villager (Male) |
| 0:08 | Build | House |
| 0:14 | Queue | Villager (Male) |
| 1:30 | Queue | Villager (Male) |
| 1:55 | Build | Lumber Camp |
| 2:01 | Queue | Villager (Male) |
| 2:18 | Queue | Villager (Male) |
| 2:52 | Queue | Villager (Male) |
| 2:52 | Queue | Villager (Male) |
| 3:18 | Queue | Villager (Male) |
| 3:37 | Queue | Villager (Male) |
| 3:59 | Build | House |
| 4:06 | Queue | Villager (Male) |
| 4:16 | Build | House |
| 4:24 | Queue | Villager (Male) |
| 4:26 | Queue | Villager (Male) |
| 4:26 | Queue | Villager (Male) |
| 4:59 | Queue | Villager (Male) |
| 5:09 | Build | Mill |
| 5:14 | Queue | Villager (Male) |
| 5:22 | Queue | Villager (Male) |
| 6:27 | Queue | Villager (Male) |
| 6:46 | Queue | Villager (Male) |
| 7:11 | Queue | Villager (Male) |
| 7:24 | Build | Lumber Camp |
| 7:27 | Queue | Villager (Male) |
| 7:34 | Build | Mining Camp |
| 7:40 | Build | Mining Camp |
| 7:54 | Queue | Villager (Male) |
| 8:37 | Research | Feudal Age |
| 9:12 | Build | Palisade Wall |
| 9:14 | Build | Palisade Wall |
| 9:22 | Build | Palisade Wall |
| 9:28 | Build | House |
| 9:29 | Build | Palisade Wall |
| 9:34 | Build | Palisade Wall |
| 9:39 | Build | Palisade Wall |
| 9:43 | Queue | Villager (Male) |
| 10:00 | Build | Barracks |
| 10:12 | Build | Palisade Wall |
| 10:30 | Queue | Villager (Male) |
| 10:47 | Age | Feudal Age |
| 10:49 | Research | Double-Bit Axe |
| 11:00 | Build | Archery Range |
| 11:08 | Build | Archery Range |
| 11:11 | Build | Palisade Wall |
| 11:17 | Queue | Villager (Male) |
| 11:23 | Queue | Villager (Male) |
| 11:32 | Queue | Villager (Male) |
| 11:52 | Build | Blacksmith |
| 12:01 | Queue | Villager (Male) |
| 12:07 | Queue | Archer |
| 12:07 | Queue | Archer |
| 12:09 | Queue | Archer |
| 12:09 | Queue | Archer |
| 12:37 | Queue | Villager (Male) |
| 12:41 | Build | Farm |
| 12:41 | Build | Farm |
| 12:42 | Build | Farm |
| 12:46 | Build | House |
| 12:55 | Queue | Archer |
| 12:55 | Queue | Archer |
| 13:14 | Build | House |
| 13:15 | Build | House |
| 13:25 | Build | House |
| 13:27 | Build | House |
| 13:27 | Build | House |
| 13:34 | Queue | Archer |
| 13:34 | Queue | Archer |
| 13:44 | Build | Farm |
| 13:47 | Build | Farm |
| 13:48 | Queue | Villager (Male) |
| 14:01 | Queue | Archer |
| 14:01 | Queue | Archer |
| 14:13 | Build | Farm |
| 14:23 | Queue | Villager (Male) |
| 14:41 | Queue | Archer |
| 14:41 | Queue | Archer |
| 14:42 | Queue | Villager (Male) |
| 14:50 | Build | Farm |
| 14:53 | Queue | Archer |
| 14:53 | Queue | Archer |
| 14:58 | Build | Farm |
| 15:03 | Queue | Villager (Male) |
| 15:18 | Queue | Villager (Male) |
| 15:24 | Build | Farm |
| 15:35 | Research | Fletching |
| 15:39 | Build | Farm |
| 15:43 | Build | Farm |
| 15:45 | Queue | Villager (Male) |
| 15:49 | Queue | Archer |
| 15:49 | Queue | Archer |
| 15:59 | Queue | Villager (Male) |
| 16:03 | Build | Farm |
| 16:04 | Queue | Villager (Male) |
| 16:16 | Build | Farm |
| 16:20 | Queue | Villager (Male) |
| 16:27 | Queue | Villager (Male) |
| 16:33 | Build | Farm |
| 16:36 | Queue | Archer |
| 16:57 | Queue | Villager (Male) |
| 17:01 | Queue | Skirmisher |
| 17:01 | Queue | Skirmisher |
| 17:07 | Build | House |
| 17:12 | Build | Stone Wall |
| 17:24 | Queue | Villager (Male) |
| 17:28 | Queue | Skirmisher |
| 17:30 | Queue | Skirmisher |
| 17:42 | Research | Padded Archer Armor |
| 17:42 | Queue | Villager (Male) |
| 17:58 | Queue | Villager (Male) |
| 18:29 | Queue | Archer |
| 18:29 | Queue | Archer |
| 18:29 | Queue | Archer |
| 18:30 | Queue | Villager (Male) |
| 18:39 | Build | Farm |
| 18:42 | Build | Farm |
| 18:44 | Build | Farm |
| 18:59 | Queue | Villager (Male) |
| 19:03 | Build | Farm |
| 19:06 | Queue | Villager (Male) |
| 19:06 | Queue | Villager (Male) |
| 19:13 | Queue | Archer |
| 19:57 | Research | Castle Age |
| 19:57 | Research | Castle Age |
| 20:03 | Queue | Archer |
| 20:03 | Queue | Archer |
| 20:03 | Queue | Archer |
| 20:08 | Queue | Archer |
| 20:08 | Queue | Archer |
| 20:08 | Queue | Archer |
| 20:14 | Build | Lumber Camp |
| 20:48 | Queue | Archer |
| 20:48 | Queue | Archer |
| 20:48 | Queue | Archer |
| 20:49 | Queue | Villager (Male) |
| 20:55 | Build | House |
| 20:56 | Build | House |
| 20:57 | Build | House |
| 21:24 | Queue | Villager (Male) |
| 22:01 | Queue | Archer |
| 22:01 | Queue | Archer |
| 22:01 | Queue | Archer |
Build order — AcousticBook4
First 150 of 342 actions detected
| 0:01 | Queue | Villager (Male) |
| 0:01 | Queue | Villager (Male) |
| 0:01 | Queue | Villager (Male) |
| 0:02 | Queue | Villager (Male) |
| 0:02 | Queue | Villager (Male) |
| 0:03 | Build | House |
| 0:05 | Build | House |
| 1:27 | Queue | Villager (Male) |
| 2:02 | Queue | Villager (Male) |
| 2:02 | Queue | Villager (Male) |
| 2:24 | Queue | Villager (Male) |
| 2:25 | Queue | Villager (Male) |
| 2:27 | Build | Lumber Camp |
| 2:45 | Queue | Villager (Male) |
| 2:45 | Queue | Villager (Male) |
| 3:48 | Queue | Villager (Male) |
| 3:48 | Queue | Villager (Male) |
| 3:49 | Queue | Villager (Male) |
| 3:49 | Queue | Villager (Male) |
| 3:49 | Queue | Villager (Male) |
| 4:19 | Build | House |
| 4:21 | Build | House |
| 4:26 | Queue | Villager (Male) |
| 4:27 | Queue | Villager (Male) |
| 4:51 | Build | Mill |
| 5:14 | Queue | Villager (Male) |
| 6:04 | Queue | Villager (Male) |
| 6:09 | Queue | Villager (Male) |
| 6:20 | Research | Loom |
| 7:28 | Research | Feudal Age |
| 7:44 | Build | Lumber Camp |
| 7:57 | Build | Mining Camp |
| 8:24 | Queue | Villager (Male) |
| 8:49 | Build | Barracks |
| 8:50 | Build | House |
| 8:54 | Queue | Villager (Male) |
| 9:43 | Age | Feudal Age |
| 9:46 | Build | Archery Range |
| 9:50 | Research | Double-Bit Axe |
| 9:51 | Research | Double-Bit Axe |
| 9:55 | Queue | Villager (Male) |
| 10:35 | Build | Archery Range |
| 10:38 | Queue | Spearman |
| 10:58 | Queue | Villager (Male) |
| 10:59 | Queue | Villager (Male) |
| 11:03 | Build | Farm |
| 11:04 | Build | Farm |
| 11:11 | Build | House |
| 11:16 | Queue | Archer |
| 11:17 | Queue | Archer |
| 11:17 | Queue | Archer |
| 11:34 | Build | Palisade Wall |
| 11:44 | Build | Palisade Gate |
| 11:47 | Build | Farm |
| 11:49 | Queue | Villager (Male) |
| 11:50 | Queue | Villager (Male) |
| 11:53 | Queue | Archer |
| 11:53 | Queue | Archer |
| 11:58 | Queue | Archer |
| 11:58 | Queue | Archer |
| 12:26 | Queue | Archer |
| 12:26 | Queue | Archer |
| 12:36 | Build | Blacksmith |
| 12:43 | Queue | Villager (Male) |
| 12:44 | Queue | Villager (Male) |
| 12:48 | Queue | Archer |
| 12:48 | Queue | Archer |
| 12:49 | Queue | Archer |
| 12:57 | Queue | Villager (Male) |
| 13:01 | Build | House |
| 13:06 | Build | House |
| 13:08 | Queue | Villager (Male) |
| 13:10 | Queue | Villager (Male) |
| 13:12 | Build | House |
| 13:14 | Build | Palisade Wall |
| 13:16 | Queue | Villager (Male) |
| 13:24 | Build | House |
| 13:50 | Build | Farm |
| 13:52 | Build | Farm |
| 13:54 | Build | Farm |
| 13:59 | Build | Farm |
| 14:01 | Build | Farm |
| 14:07 | Build | House |
| 14:09 | Build | House |
| 14:17 | Queue | Archer |
| 14:18 | Queue | Archer |
| 14:18 | Queue | Archer |
| 14:36 | Queue | Villager (Male) |
| 14:38 | Queue | Archer |
| 14:38 | Queue | Archer |
| 15:03 | Research | Fletching |
| 15:03 | Research | Fletching |
| 15:05 | Queue | Archer |
| 15:05 | Queue | Archer |
| 15:06 | Queue | Archer |
| 15:10 | Build | Farm |
| 15:11 | Build | Farm |
| 15:17 | Build | Farm |
| 15:26 | Queue | Villager (Male) |
| 15:29 | Queue | Archer |
| 15:30 | Queue | Archer |
| 16:01 | Queue | Archer |
| 16:01 | Queue | Archer |
| 16:07 | Build | Farm |
| 16:08 | Build | Farm |
| 16:13 | Build | Farm |
| 16:22 | Queue | Villager (Male) |
| 16:24 | Queue | Archer |
| 16:24 | Queue | Archer |
| 16:38 | Queue | Villager (Male) |
| 16:39 | Queue | Archer |
| 16:40 | Queue | Archer |
| 17:16 | Build | Farm |
| 17:22 | Queue | Archer |
| 17:22 | Queue | Archer |
| 17:43 | Queue | Villager (Male) |
| 17:45 | Queue | Villager (Male) |
| 17:46 | Queue | Archer |
| 17:46 | Queue | Archer |
| 17:47 | Queue | Archer |
| 18:08 | Build | Mill |
| 18:18 | Queue | Archer |
| 18:19 | Queue | Archer |
| 18:35 | Build | Lumber Camp |
| 18:51 | Build | Farm |
| 18:52 | Queue | Villager (Male) |
| 18:53 | Queue | Villager (Male) |
| 18:55 | Queue | Archer |
| 18:55 | Queue | Archer |
| 19:11 | Queue | Villager (Male) |
| 19:24 | Queue | Villager (Male) |
| 19:30 | Build | House |
| 19:32 | Build | House |
| 19:50 | Queue | Villager (Male) |
| 20:00 | Queue | Villager (Male) |
| 20:03 | Queue | Archer |
| 20:03 | Queue | Archer |
| 20:03 | Queue | Archer |
| 20:04 | Queue | Archer |
| 20:43 | Build | Farm |
| 20:44 | Build | Farm |
| 21:16 | Research | Castle Age |
| 21:16 | Research | Castle Age |
| 21:17 | Research | Castle Age |
| 21:35 | Queue | Archer |
| 21:36 | Queue | Archer |
| 22:01 | Queue | Villager (Male) |
| 22:10 | Build | Archery Range |
| 22:28 | Queue | Archer |
| 22:28 | Queue | Archer |
Match timeline
| 7:47 | TicketedZero13 · first_building Barracks |
| 8:12 | Leohpg · first_building Barracks |
| 8:49 | AcousticBook4 · first_building Barracks |
| 9:10 | Leohpg · age_up feudal |
| 9:12 | MUNIZ.JR. BR · wall_segment Palisade Wall x4 |
| 9:14 | MUNIZ.JR. BR · wall_segment Palisade Wall x4 |
| 9:22 | MUNIZ.JR. BR · wall_segment Palisade Wall x11 |
| 9:29 | MUNIZ.JR. BR · wall_segment Palisade Wall x1 |
| 9:31 | Leohpg · first_building Stable |
| 9:34 | MUNIZ.JR. BR · wall_segment Palisade Wall x8 |
| 9:39 | MUNIZ.JR. BR · wall_segment Palisade Wall x9 |
| 9:42 | TicketedZero13 · age_up feudal |
| 9:43 | AcousticBook4 · age_up feudal |
| 9:46 | AcousticBook4 · first_building Archery Range |
| 9:55 | TicketedZero13 · first_building Stable |
| 10:00 | MUNIZ.JR. BR · first_building Barracks |
| 10:12 | MUNIZ.JR. BR · wall_segment Palisade Wall x14 |
| 10:47 | Leohpg · wall_segment Palisade Wall x6 |
| 10:47 | MUNIZ.JR. BR · age_up feudal |
| 11:00 | MUNIZ.JR. BR · first_building Archery Range |
| 11:11 | MUNIZ.JR. BR · wall_segment Palisade Wall x1 |
| 11:34 | AcousticBook4 · wall_segment Palisade Wall x6 |
| 13:01 | TicketedZero13 · wall_segment Palisade Wall x11 |
| 13:08 | Leohpg · wall_segment Palisade Wall x11 |
| 13:14 | AcousticBook4 · wall_segment Palisade Wall x11 |
| 15:05 | TicketedZero13 · wall_segment Palisade Wall x4 |
| 15:25 | TicketedZero13 · wall_segment Palisade Wall x3 |
| 15:30 | Leohpg · wall_segment Palisade Wall x7 |
| 15:33 | TicketedZero13 · wall_segment Palisade Wall x7 |
| 15:50 | TicketedZero13 · wall_segment Palisade Wall x1 |
| 17:12 | MUNIZ.JR. BR · wall_segment Stone Wall x1 |
| 17:18 | TicketedZero13 · wall_segment Palisade Wall x6 |
| 17:35 | Leohpg · wall_segment Palisade Wall x11 |
| 17:47 | TicketedZero13 · wall_segment Palisade Wall x4 |
| 20:51 | Leohpg · age_up castle |
| 22:37 | MUNIZ.JR. BR · age_up castle |
| 23:56 | AcousticBook4 · age_up castle |
| 24:09 | TicketedZero13 · age_up castle |
| 25:49 | AcousticBook4 · first_building Siege Workshop |
| 26:27 | MUNIZ.JR. BR · wall_segment Palisade Wall x1 |
| 27:05 | MUNIZ.JR. BR · wall_segment Palisade Wall x1 |
| 27:45 | TicketedZero13 · first_market_sell 100 wood |
| 28:06 | Leohpg · first_building Siege Workshop |
| 30:23 | TicketedZero13 · first_building Monastery |
| 30:32 | AcousticBook4 · first_market_sell 100 wood |
| 31:10 | TicketedZero13 · first_market_buy 100 stone |
| 33:28 | Leohpg · first_market_buy 100 stone |
| 34:02 | TicketedZero13 · first_building Siege Workshop |
| 34:07 | MUNIZ.JR. BR · first_building Castle |
| 35:41 | AcousticBook4 · first_market_buy 100 stone |
| 35:52 | AcousticBook4 · first_building Castle |
| 36:24 | Leohpg · first_market_sell 100 stone |
| 38:17 | MUNIZ.JR. BR · first_building Siege Workshop |
| 38:50 | MUNIZ.JR. BR · resign |
[ AI ANALYSIS · 1 CREDIT ]
What really happened in this match?
Wolo.gg analyzes every decision: build order, eco, micro, common mistakes by bracket. Personalized analysis on WhatsApp or Discord in 30 seconds.
Civ guide
Persians
Perfil
Jugador #3288225